 Dungeon Crawl Stone Soup version 0.30-a0-777-ga9a30cbeda (webtiles) character file.

Game seed: 14442219176046532090

112805 octoduck the Spry (level 16, -10/96 HPs)
             Began as a Deep Elf Fire Elementalist on Feb 12, 2023.
             Was a High Priest of Vehumet.
             Killed from afar by a spriggan druid (35 damage)
             ... with a stone arrow
             ... on level 4 of the Swamp on Feb 13, 2023.
             The game lasted 03:08:41 (48162 turns).

octoduck the Spry (Deep Elf Fire Elementalist)     Turns: 48162, Time: 03:08:41

Health: -10/96     AC: 13    Str:  5    XL:     16   Next: 12%
Magic:  19/33      EV: 25    Int: 27    God:    Vehumet [*****.]
Gold:   215        SH:  6    Dex: 23    Spells: 6/37 levels left

rFire   + + +      SeeInvis +    Z - +9 lance "Wyrmbane" {slay drac, rPois rF+ rC+ AC+3}
rCold   + + .      Faith    .    U - +0 buckler
rNeg    . . .      Spirit   .    R - +1 robe {Will+}
rPois   +          Reflect  .    q - +2 helmet {SInv}
rElec   .          Harm     .    J - scarf {rC+ rF+}
rCorr   .          Rampage  .    m - +2 pair of gloves {infuse}
Will    ++...                    g - +0 pair of boots
Stlth   +++                      k - amulet of the acrobat
HPRegen 0.36/turn                u - ring of protection from fire
MPRegen 0.23/turn                y - +6 ring of dexterity

@: unable to read
A: inability to read after injury 1
a: Renounce Religion


You were on level 4 of the Swamp.
You worshipped Vehumet.
Vehumet was extremely pleased with you.
You visited 5 branches of the dungeon, and saw 23 of its levels.

You collected 2226 gold pieces.
You spent 2011 gold pieces at shops.

Inventory:

Hand Weapons
 Z - the +9 lance "Wyrmbane" (weapon) {slay drac, rPois rF+ rC+ AC+3}
   (You took it off Maggie on level 9 of the Dungeon)

   AC:        It affects your AC (+3).
   rF:        It protects you from fire.
   rC:        It protects you from cold.
   rPois:     It protects you from poison.
Missiles
 a - 4 curare-tipped darts
 c - 5 throwing nets
Armour
 e - a +2 robe of cold resistance
 g - a +0 pair of boots (worn)
 m - a +2 pair of gloves of infusion (worn)
 q - a +2 helmet of see invisible (worn)
 J - a scarf of resistance (worn)
 R - a +1 robe of willpower (worn)
 U - a +0 buckler (worn)
Magical Staves
 l - a staff of fire
Jewellery
 d - a ring of positive energy
 f - a +5 ring of evasion
 k - an amulet of the acrobat (around neck)
 u - a ring of protection from fire (left hand)
 y - a +6 ring of dexterity (right hand)
 G - an amulet of reflection
Wands
 t - a wand of polymorph (6)
 w - a wand of mindburst (18)
 B - a wand of iceblast (38)
 H - a wand of flame (34)
 N - a wand of charming (9)
 O - a wand of quicksilver (3)
 P - a wand of digging (6)
Scrolls
 h - 2 scrolls of fog
 i - 5 scrolls of amnesia
 o - 2 scrolls of vulnerability
 v - 3 scrolls of identify
 z - 3 scrolls of immolation
 A - a scroll of brand weapon
 E - 2 scrolls of magic mapping
 K - 2 scrolls of poison
 L - 2 scrolls of enchant weapon
 S - 3 scrolls of teleportation
 V - a scroll of enchant armour
Potions
 b - a potion of magic
 j - 6 potions of mutation
 n - 3 potions of berserk rage
 p - 2 potions of heal wounds
 r - 7 potions of might
 s - 6 potions of curing
 x - a potion of cancellation {unknown}
 C - 2 potions of ambrosia
 D - 6 potions of flight
 F - 2 potions of invisibility
 M - 2 potions of brilliance
 Q - a potion of attraction
 W - 2 potions of resistance
 Y - 4 potions of lignification
Miscellaneous
 X - a condenser vane


   Skills:
 + Level 9.1 Fighting
 - Level 0.9 Armour
 - Level 16.0 Dodging
 - Level 3.9 Stealth
 - Level 5.0 Shields
 - Level 11.3 Spellcasting
 + Level 16.0 Conjurations
 - Level 5.6 Translocations
 - Level 3.8 Transmutations
 + Level 13.6 Fire Magic
 - Level 5.4 Air Magic
 - Level 7.6 Poison Magic


You had 6 spell levels left.
You knew the following spells:

 Your Spells              Type           Power      Damage    Failure   Level
a - Shock                 Conj/Air       100%       1d9       1%          1
b - Scorch                Fire           100%       2d10      1%          2
c - Kindle Blastsparks    Fire/Tloc/Air  100%       2d18      1%          3
d - Mephitic Cloud        Conj/Pois/Air  61%        N/A       1%          3
e - Fireball              Conj/Fire      38%        3d16      1%          5
f - Flame Wave            Conj/Fire      77%        2d17      1%          4
h - Iskenderun's Battles  Conj           80%        2d13      1%          5
i - Orb of Destruction    Conj           40%        9d11      1%          7
j - Foxfire               Conj/Fire      100%       2x1d9     0%          1

Your spell library contained the following spells:

 Spells                   Type           Power      Damage    Failure   Level
 Apportation              Tloc           90%        N/A       1%          1
 Beastly Appendage        Tmut           72%        N/A       1%          1
 Kiss of Death            Conj/Necr      100%       2d13      1%          1
 Cigotuvi's Dreadful Rot  Necr/Pois/Air  76%        N/A       1%          2
 Lesser Beckoning         Tloc           90%        N/A       1%          2
 Poisonous Vapours        Pois/Air       100%       N/A       1%          2
 Wereblood                Tmut           36%        N/A       1%          2
 Gell's Gravitas          Tloc           45%        N/A       1%          3
 Ignite Poison            Fire/Tmut/Pois 57%        N/A       1%          3
 Inner Flame              Hex/Fire       51%        N/A       1%          3
 Spider Form              Tmut/Pois      46%        N/A       1%          3
 Teleport Other           Tloc           45%        N/A       1%          3
 Freezing Cloud           Conj/Ice/Air   26%        6-21      1%          5
 Conjure Ball Lightning   Conj/Air       32%        3x3d10    2%          6
 Alistair's Intoxication  Tmut/Pois      30%        N/A       12%         5
 Confusing Touch          Hex            15%        N/A       14%         3
 Summon Guardian Golem    Hex/Summ       15%        N/A       14%         3
 Eringya's Noxious Bog    Tmut/Pois      23%        N/A       17%         6
 Lee's Rapid Deconstruct  Erth           7%         3d7*      32%         5
 Summon Forest            Summ/Tloc      15%        N/A       38%         5
 Dispel Undead            Necr           15%        3d10      43%         4
 Leda's Liquefaction      Hex/Erth       7%         N/A       43%         4
 Statue Form              Tmut/Erth      16%        N/A       97%         6
 Spellforged Servitor     Conj/Summ      28%        N/A       36%         7
 Summon Hydra             Summ           7%         N/A       100%        7


Dungeon Overview and Level Annotations

Branches:
Dungeon (12/15)            Temple (1/1) D:4            Lair (4/5) D:9
  Swamp (4/4) Lair:3        Snake (0/4) Lair:2        Slime (0/5) Lair:4
    Orc (2/2) D:9             Elf (0/3) Orc:2

Altars:
Cheibriados
Dithmenos
Elyvilon
Fedhas
Gozag
Hepliaklqana
Kikubaaqudgha
Nemelex Xobeh
Okawaru
Qazlal
Ru
Trog
Uskayaw
Vehumet
Wu Jian
Xom
Yredelemnul

Shops:
D:3 ?   D:11 [   Orc:1 *   Orc:2 **=?:=

Annotations:
D:12 Rupert
Swamp:1 2 transporters


Innate Abilities, Weirdness & Mutations

You occasionally lose the ability to read scrolls when taking damage.


Message History

The will-o-the-wisp conjures some foxfire!
The spriggan druid completely misses you. 2 foxfires come into view.
Casting: Shock (safe; 1% risk of failure)
Confirm with . or Enter, or press ? or * to list all spells.
Aiming: Shock (safe; 1% risk of failure)
Press: ? - help, Shift-Dir - straight line, f/p - spriggan druid
Aim: a spriggan druid, wielding a +0 quarterstaff and wearing a +0 robe (heavily wounded, 48% to hit)
The zap hits the spriggan druid!
The spriggan druid is severely wounded.
Your battlesphere fires!
The barrage of energy hits the spriggan druid!
The spriggan druid is almost dead.
The will-o-the-wisp gestures.
The will-o-the-wisp conjures some foxfire!
The spriggan druid drinks a potion.
The spriggan druid is healed!
The foxfire hits you. You resist.
* * * LOW HITPOINT WARNING * * *
2 foxfires come into view.
Casting: Shock (safe; 1% risk of failure)
Confirm with . or Enter, or press ? or * to list all spells.
Aiming: Shock (safe; 1% risk of failure)
Press: ? - help, Shift-Dir - straight line, f/p - spriggan druid
Aim: a spriggan druid, wielding a +0 quarterstaff and wearing a +0 robe (heavily wounded, ally target, 48% to hit)
The zap hits the spriggan druid!
The spriggan druid is severely wounded.
The foxfire hits you. You resist.
* * * LOW HITPOINT WARNING * * *
The will-o-the-wisp blinks!
The spriggan druid mumbles some strange words.
The forest starts to sway and rumble!
Casting: Shock (safe; 1% risk of failure)
Confirm with . or Enter, or press ? or * to list all spells.
Flames lash the spriggan druid.
The forest calms down.
The spriggan druid is almost dead.
The spriggan druid's fire resistance burns away.
The spriggan druid points at you and mumbles some strange words.
The stone arrow hits you!!
You feel threatened and lose the ability to read scrolls!
You die...

♣♣♣ ♣♣♣ ♣♣~.♣♣♣
♣♣♣♣~♣♣♣♣..~~~~.
♣♣♣♣....~~♣~.~~~~..
♣~.....~~.*..~~...~
♣.~~.~~~~§i@~~~..~~
♣~~~.~.§~#########~
♣♣.....### ♣♣~~###
♣..♣## ...~§
~..~.§# [♣.[.♣
~i~v~


You could see a spriggan druid (combustible) and a friendly battlesphere.

Vanquished Creatures
  Bai Suzhen (Swamp:4)
  A tentacled monstrosity (Swamp:4)
  2 thorn hunters
  Kirke (Swamp:2)
  Roxanne (Swamp:3)
  2 fenstrider witches (Swamp:4)
  An orc warlord (Orc:2)
  Aizul (Swamp:1)
  A ghoul (Swamp:3)
  The ghost of Palms the Impaler, a journeyman MfIE of Hepliaklqana (D:9)
  The ghost of drugrobin the Black Belt, a journeyman DgDe (Orc:2)
  A bunyip (Swamp:2)
  The ghost of cforsyth the Convoker, a journeyman TeSu of Gozag (Orc:2)
  4 eleionomae
  2 blizzard demons (Swamp:4)
  3 shambling mangroves
  8 hydras
  Harold (D:9)
  3 ghost crabs
  A centaur warrior (D:12)
  A catoblepas (Lair:4)
  2 ogre magi (Swamp:4)
  3 alligators
  A death yak (Lair:4)
  5 two-headed ogres
  5 orc high priests
  2 spriggan berserkers (Swamp:4)
  Amaemon (D:10)
  A sixfirhy (Swamp:4)
  3 goliath frogs
  2 death drakes (Swamp:4)
  7 spriggan druids
  9 swamp dragons
  A lindwurm (Lair:4)
  8 bog bodies
  A wizard (Swamp:4)
  A necromancer (Lair:3)
  4 orc knights (Orc:2)
  6 orc sorcerers
  2 manticores (D:12)
  5 will-o-the-wisps
  Maurice (D:12)
  5 black mambas
  4 elephants (Lair:2)
  A torpor snail (Lair:4)
  13 cane toads
  An unseen horror (D:10)
  2 orange demons
  A kobold demonologist (D:11)
  Maggie (D:9)
  3 komodo dragons
  2 rime drakes
  2 bloated husks (Swamp:1)
  A hellwing (Swamp:4)
  12 trolls
  5 polar bears
  17 hornets
  5 tyrant leeches
  7 blink frogs
  11 spriggans
  A shadow (D:9)
  2 vampires
  2 wyverns
  71 yaks
  A hog (Swamp:2)
  A human (Swamp:2)
  2 basilisks (Lair:1)
  2 chaos spawn (Swamp:4)
  3 steam dragons
  2 neqoxecs (Swamp:4)
  5 vampire mosquitoes
  2 wargs (Orc:1)
  2 acid dragons (D:11)
  3 nagas (Lair:2)
  23 swamp worms
  16 water moccasins
  17 orc warriors
  2 swamp drakes
  5 black bears
  3 ice beasts
  8 ogres
  14 centaurs
  12 wolves
  Blork the orc (D:6)
  5 kobold brigands
  11 bullfrogs
  2 gnoll sergeants (D:10)
  3 necrophages
  9 wights
  6 killer bees (D:8)
  3 troll skeletons (Swamp:2)
  3 electric eels
  2 howler monkeys
  6 hounds
  A gnoll bouda (D:6)
  10 orc priests
  A jelly (D:6)
  Crazy Yiuf (D:5)
  Terence (D:2)
  An iguana (D:6)
  13 orc wizards
  A polar bear simulacrum (Lair:3)
  3 yak simulacra (Lair:3)
  3 wolf simulacra (Lair:3)
  Robin (D:3)
  14 gnolls
  5 adders
  3 shadow imps
  2 white imps
  2 ufetubi
  2 worms
  6 dart slugs
  51 orcs
  11 ball pythons
  4 bats
  9 endoplasms
  7 giant cockroaches
  12 goblins
  16 hobgoblins
  5 jackals
  5 quokkas
  3 frilled lizards
  33 kobolds
  7 rats
  4 river rat simulacra (Lair:3)
  A foxfire (D:9)
689 creatures vanquished.

Vanquished Creatures (collateral kills)
  A hornet (Swamp:3)
  3 foxfires
4 creatures vanquished.

Vanquished Creatures (others)
  A bunyip (Swamp:1)
  2 bloated husks (Swamp:2)
  3 humans (Swamp:2)
  A bullfrog (D:7)
  A kobold (D:8)
  1034 foxfires
  41 fungi
  73 plants
1156 creatures vanquished.

Grand Total: 1849 creatures vanquished

Notes
Turn   | Place    | Note
-------+----------+-------------------------------------------
     0 | D:1      | octoduck the Deep Elf Fire Elementalist began the quest for
                  | the Orb.
     0 | D:1      | Reached XP level 1. HP: 10/10 MP: 6/6
   132 | D:1      | Reached XP level 2. HP: 15/15 MP: 6/8
   137 | D:1      | Learned a level 2 spell: Scorch
   698 | D:1      | Reached XP level 3. HP: 19/19 MP: 6/9
   958 | D:1      | Found a faded altar of an unknown god.
  1344 | D:1      | Learned a level 3 spell: Kindle Blastsparks
  1930 | D:2      | Reached XP level 4. HP: 24/24 MP: 8/10
  2024 | D:2      | Reached skill level 1 in Air Magic
  2221 | D:2      | Noticed Terence
  2685 | D:2      | Killed Terence
  2978 | D:3      | Reached XP level 5. HP: 28/28 MP: 6/11
  3802 | D:3      | Found Taynit's Magic Scroll Boutique.
  3808 | D:3      | Bought a scroll of identify for 22 gold pieces
  3808 | D:3      | Bought a scroll of identify for 22 gold pieces
  3808 | D:3      | Bought a scroll of teleportation for 33 gold pieces
  3808 | D:3      | Bought a scroll of amnesia for 44 gold pieces
  4006 | D:3      | Found a sacrificial altar of Ru.
  4108 | D:3      | Noticed Robin
  4150 | D:3      | Killed Robin
  4435 | D:3      | Learned a level 3 spell: Mephitic Cloud
  4605 | D:4      | Found a staircase to the Ecumenical Temple.
  4619 | Temple   | Entered the Ecumenical Temple
  4627 | Temple   | Became a worshipper of Vehumet
  5053 | D:4      | Reached XP level 6. HP: 32/32 MP: 5/12
  5506 | D:5      | Entered Level 5 of the Dungeon
  5699 | D:5      | Noticed an ice beast
  5721 | D:5      | Found a runed translucent door.
  5722 | D:5      | Noticed Crazy Yiuf
  6444 | D:5      | Reached XP level 7. HP: 36/36 MP: 8/13
  7398 | D:6      | Reached skill level 5 in Conjurations
  7416 | D:6      | Reached * piety under Vehumet
  7416 | D:6      | Offered knowledge of Shock by Vehumet.
  7417 | D:6      | Reached skill level 5 in Dodging
  7524 | D:6      | Learned a level 1 spell: Shock
  7763 | D:6      | Noticed Blork the orc
  7764 | D:6      | Found an iron altar of Okawaru.
  8245 | D:6      | Reached skill level 5 in Fire Magic
  8251 | D:6      | Reached XP level 8. HP: 41/41 MP: 9/14
  8576 | D:7      | Reached skill level 1 in Translocations
  8884 | D:7      | Noticed a hornet
  8886 | D:7      | Reached skill level 5 in Translocations
  9007 | D:6      | Killed Blork the orc
  9175 | D:5      | Reached skill level 1 in Poison Magic
  9241 | D:5      | Found a hide-covered altar of Uskayaw.
  9423 | D:5      | Killed Crazy Yiuf
  9831 | D:8      | Found an ornate altar of the Wu Jian Council.
 10078 | D:8      | Reached skill level 5 in Poison Magic
 10078 | D:8      | Reached XP level 9. HP: 34/45 MP: 8/15
 10427 | D:7      | Learned a level 4 spell: Flame Wave
 10823 | D:8      | Offered knowledge of Magic Dart by Vehumet.
 10852 | D:8      | Reached ** piety under Vehumet
 11540 | D:9      | Found a white marble altar of Elyvilon.
 11889 | D:9      | Noticed Harold
 11978 | D:9      | Noticed Maggie
 12175 | D:9      | Identified the +1 robe "Qiniuho" {+Inv Dex+5}
 12415 | D:9      | Found a staircase to the Orcish Mines.
 12460 | D:9      | Offered knowledge of Hailstorm by Vehumet.
 12651 | D:9      | Found a staircase to the Lair.
 12783 | D:9      | Reached XP level 10. HP: 50/50 MP: 7/16
 13305 | D:8      | Reached *** piety under Vehumet
 13811 | D:8      | Reached skill level 10 in Fire Magic
 14306 | D:9      | Found a snail-covered altar of Cheibriados.
 14703 | D:7      | Found a shimmering altar of Xom.
 15017 | D:10     | Entered Level 10 of the Dungeon
 15449 | D:10     | Found a sparkling altar of Nemelex Xobeh.
 15664 | D:10     | Noticed a two-headed ogre
 15665 | D:10     | Noticed a two-headed ogre
 15943 | D:10     | Noticed a two-headed ogre
 16059 | D:10     | Reached skill level 10 in Dodging
 16134 | D:10     | Identified the +1 whip "Gram" {drain, rF- rC+ rN+ Dex+3}
 16558 | D:10     | Killed a two-headed ogre
 16559 | D:10     | Reached XP level 11. HP: 18/54 MP: 8/17
 16705 | D:10     | Offered knowledge of Fulminant Prism by Vehumet.
 16838 | D:10     | Reached skill level 1 in Fighting
 17586 | D:9      | Killed Harold
 17937 | Lair:1   | Entered Level 1 of the Lair of Beasts
 18578 | Lair:1   | Upgraded the game from 0.30-a0-772-g5528072125 to
                  | 0.30-a0-777-ga9a30cbeda
 19360 | Lair:1   | Reached skill level 5 in Fighting
 19575 | Lair:1   | Learned a level 3 spell: Ignite Poison
 20465 | Lair:1   | Reached **** piety under Vehumet
 20809 | Lair:2   | Offered knowledge of Olgreb's Toxic Radiance by Vehumet.
 20889 | Lair:2   | Identified the +7 falchion of the Hugging Vulture {flame,
                  | Fragile rF- MP+9 Stlth+}
 20963 | Lair:2   | Reached XP level 12. HP: 71/71 MP: 8/20
 22022 | Lair:2   | Found a staircase to the Snake Pit.
 22335 | Lair:3   | Reached skill level 10 in Conjurations
 22743 | Lair:3   | Identified the +10 whip of Linearity {venom, rC- rN++}
 24571 | Lair:2   | Reached skill level 5 in Air Magic
 25392 | D:3      | Bought a scroll of acquirement for 572 gold pieces
 25392 | D:3      | Acquired a staff of conjuration
 25919 | Lair:3   | Found a staircase to the Swamp.
 25950 | Lair:4   | Found a staircase to the Slime Pits.
 26056 | Lair:4   | Reached skill level 1 in Transmutations
 26868 | Lair:4   | Reached XP level 13. HP: 42/76 MP: 6/21
 27443 | Lair:4   | Reached ***** piety under Vehumet
 27896 | Lair:4   | Identified the +2 robe of Impatience {rCorr Str+4}
 29097 | Lair:4   | Offered knowledge of Iskenderun's Battlesphere by Vehumet.
 29267 | Lair:4   | Reached skill level 5 in Spellcasting
 29516 | Lair:4   | Identified the +7 double sword of Hiesub {protect, rC+}
 29655 | Lair:4   | Learned a level 5 spell: Iskenderun's Battlesphere
 29804 | D:9      | Acquired a book of Dangerous Friends
 30017 | D:9      | Killed Maggie
 30793 | D:11     | Noticed Amaemon
 31020 | D:10     | Killed Amaemon
 31200 | D:11     | Found an iron altar of Okawaru.
 31606 | D:11     | Found Ymmor's Armour Boutique.
 31662 | D:11     | Bought a scarf of resistance for 384 gold pieces
 31672 | D:11     | Bought a +0 robe of willpower for 92 gold pieces
 31968 | D:12     | Noticed Maurice
 31978 | D:12     | Killed Maurice
 32803 | D:12     | Noticed Rupert
 33082 | Orc:1    | Entered Level 1 of the Orcish Mines
 33082 | Orc:1    | Found Wyalefu's Gadget Gallery.
 33226 | Orc:1    | Reached skill level 15 in Dodging
 33593 | Orc:2    | Entered Level 2 of the Orcish Mines
 33599 | Orc:2    | Reached XP level 14. HP: 82/82 MP: 15/26
 33610 | Orc:2    | Noticed an orc warlord
 33924 | Orc:2    | Killed an orc warlord
 34223 | Orc:2    | Found Ukke Botzoo's Specific Store.
 34227 | Orc:2    | Found Pulem's General Store.
 34384 | Orc:2    | Found a staircase to the Elven Halls.
 35075 | Orc:2    | Found a runed translucent gate.
 35075 | Orc:2    | Found a runed translucent gate.
 35075 | Orc:2    | Found a runed translucent gate.
 35091 | Orc:2    | Noticed cforsyth's ghost (journeyman TeSu)
 35091 | Orc:2    | Noticed Palms's ghost (journeyman MfIE)
 35091 | Orc:2    | Found the +2 cloak of the Thief {*Fog Slay-2 SInv Stlth+}
 35091 | Orc:2    | Noticed drugrobin's ghost (journeyman DgDe)
 35424 | Orc:2    | Paralysed by an orc sorcerer for 4 turns
 35670 | Orc:2    | Found Wacudou's Jewellery Emporium.
 35670 | Orc:2    | Found Tijeir's Magic Scroll Shop.
 35672 | Orc:2    | Found Mog Tibo's Book Emporium.
 35672 | Orc:2    | Found Ajuqyol's Jewellery Shop.
 35715 | Orc:2    | Bought a scroll of identify for 32 gold pieces
 35900 | Orc:2    | Killed drugrobin's ghost
 36300 | Swamp:1  | Entered Level 1 of the Swamp
 37226 | Swamp:1  | Found a transporter.
 37623 | Swamp:1  | Reached skill level 10 in Spellcasting
 38122 | Swamp:1  | Found a transporter.
 38449 | Swamp:1  | Learned a level 7 spell: Orb of Destruction
 38682 | Swamp:1  | Offered knowledge of Conjure Ball Lightning by Vehumet.
 38979 | Swamp:1  | Noticed Aizul
 39589 | Swamp:2  | Identified the +1 robe of Toven {rPois rF- Slay+3 Archmagi}
 40060 | Orc:2    | Killed cforsyth's ghost
 40444 | Orc:2    | Bought a book of the Spheres for 810 gold pieces
 40450 | Orc:2    | Learned a level 5 spell: Fireball
 40680 | D:9      | Killed Palms's ghost
 41087 | Swamp:2  | Reached XP level 15. HP: 88/88 MP: 28/32
 41806 | Swamp:3  | Noticed a thorn hunter
 41810 | Swamp:3  | Killed a thorn hunter
 42108 | Swamp:3  | Reached skill level 1 in Shields
 42717 | Swamp:3  | Noticed Roxanne
 42751 | Swamp:3  | Reached skill level 15 in Conjurations
 43431 | Swamp:3  | Killed Roxanne
 43601 | Swamp:4  | Entered Level 4 of the Swamp
 43601 | Swamp:4  | Noticed Bai Suzhen
 43615 | Swamp:4  | Noticed a thorn hunter
 43694 | Swamp:4  | Identified the +3 leather armour "Inan" {Stlth+}
 43900 | Swamp:4  | Killed a thorn hunter
 45693 | Swamp:1  | Killed Aizul
 45694 | Swamp:1  | Reached skill level 5 in Shields
 45892 | Swamp:2  | Noticed Kirke
 45898 | Swamp:2  | Killed Kirke
 46367 | Swamp:4  | Killed Bai Suzhen
 46492 | Swamp:4  | Noticed a fenstrider witch
 46495 | Swamp:4  | Killed a fenstrider witch
 47293 | Swamp:4  | Reached XP level 16. HP: 95/95 MP: 7/33
 47583 | Swamp:4  | Gained mutation: You occasionally lose the ability to read
                  | scrolls when taking damage. [a neqoxec]
 47657 | Swamp:4  | Noticed a tentacled monstrosity
 47888 | Swamp:4  | Killed a tentacled monstrosity
 47937 | Swamp:4  | Paralysed by a fenstrider witch for 5 turns
 48105 | Swamp:4  | Noticed a tentacled monstrosity
 48162 | Swamp:4  | Killed from afar by a spriggan druid

Illustrated notes

Levels and vault maps discovered:
D:1:      lemuel_arrival_behind_the_door_small, layout_loops_ring,
          nicolae_ecumenical_snake_handling
D:2:      layout_loops_corners, serial_rivers, chequers_serial_rivers_micro_b,
          chequers_serial_rivers_small_3, chequers_serial_rivers_room_a,
          chequers_serial_rivers_small_3, chequers_serial_rivers_large_a,
          chequers_serial_rivers_large_b, kennysheep_path_1,
          serial_park_tiny_pond, uniq_terence
D:3:      layout_loops_corners, nicolae_ru_the_path_less_chosen, serial_shops,
          nicolae_diamond_shop, uniq_robin
D:4:      layout_loops_cross, minmay_temple_entry_mist
D:5:      layout_loops_cross, mainiacjoe_overflow_alcove_2, eino_tiny_chamber,
          minivault_14, uniq_crazy_yiuf_cottage
D:6:      layout_loops_ring, mainiacjoe_overflow_catwalk, uniq_blork_the_orc
D:7:      layout_cave_pools, kennysheep_little_box
D:8:      layout_loops_cross, lemuel_tele_altar
D:9:      layout_small_grid, general_overflow_altar, elyvilon_altar_3,
          erik_lair_island, uniq_harold, uniq_maggie
D:10:     layout_loops_ring, lemuel_doored_altar, hangedman_decor_push,
          minmay_joined_circles
D:11:     layout_cross, serial_shops, nicolae_lakefront_shop,
          okawaru_metal_pillars_1_2, uniq_amaemon
D:12:     layout_rooms, uniq_maurice, uniq_rupert
Temple:   eino_narrow_crystal_temple
Lair:1:   layout_roguey, grunt_megastairs_1
Lair:2:   nzn_winding_woodlands_small
          [nzn_winding_woodlands_5x15_river_crossing,
          nzn_winding_woodlands_center_diamonds,
          nzn_winding_woodlands_5x15_garden], layout_gridlike,
          nicolae_snake_entry_squirm, lemuel_fruit_fields
Lair:3:   layout_long_grid, nicolae_swamp_entry_splash_gauntlet,
          eino_house_with_fridge, serial_bayou_shore_b,
          infiniplex_staircase_pool_2
Lair:4:   cheibrodos_lair_overgrown_chateau, layout_regular_city, slime_entry_1
Swamp:1:  gammafunk_worm_tunnel, layout_falls_marsh, serial_swamp_ruin,
          evilmike_swamp_ruin_house_1, hangedman_swamp_ruin_wall,
          evilmike_swamp_ruin_rubble_2, st_swamp_ruins_1, uniq_aizul
Swamp:2:  layout_basic_swamp, evilmike_swamp_ruin_house_4, swamp_pool4,
          cheibrodos_swamp_minitomb, uniq_kirke
Swamp:3:  layout_basic_swamp, evilmike_swamp_ruin_house_5,
          nicolae_swamp_tree_designs, uniq_roxanne
Swamp:4:  nzn_swamp_witches_coven, layout_basic_swamp, uniq_bai_suzhen
Orc:1:    layout_caves, nicolae_shop_gadgets
Orc:2:    grunt_orc_tribal_feast, layout_diamond_mine, gammafunk_ghost_cemetery,
          nicolae_specific_store

Skill      XL: |  1  2  3  4  5  6  7  8  9 10 11 12 13 14 15 16 |
---------------+-------------------------------------------------+-----
Stealth        | 3 |  3.9
Conjurations   | 2 3 4 5 7 9 11 12 14 15 16 | 16.0
Air Magic      | 2 3 4 5 |  5.4
Dodging        | 3 5 7 10 12 15 16 | 16.0
Fire Magic     | 5 8 10 11 13 | 13.6
Translocations | 5 |  5.6
Poison Magic   | 5 6 7 |  7.6
Fighting       | 6 7 8 9 |  9.1
Spellcasting   | 4 6 11 | 11.3
Transmutations | 1 3 |  3.8
Shields        | 5 |  5.0
Armour         | |  0.9

Action                     |  1- 3 |  4- 6 |  7- 9 | 10-12 | 13-15 | 16-18 || total
---------------------------+-------+-------+-------+-------+-------+-------++-------
  Melee: Dagger            |       |     1 |     8 |    70 |       |       ||    79
         Punch             |       |       |       |     3 |       |       ||     3
         Staff             |       |       |       |    13 |    28 |       ||    41
         Lance             |       |       |       |       |     8 |       ||     8
   Cast: Foxfire           |    64 |   106 |   133 |   158 |   115 |     1 ||   577
         Scorch            |    16 |    35 |    63 |   100 |    88 |     2 ||   304
         Kindle Blastspark |       |       |    36 |   153 |    95 |     1 ||   285
         Mephitic Cloud    |       |       |     7 |   104 |   113 |       ||   224
         Shock             |       |       |     4 |     7 |   133 |    11 ||   155
         Ignite Poison     |       |       |       |    46 |    67 |       ||   113
         Flame Wave        |       |       |       |     1 |    30 |     1 ||    32
         Iskenderun's Batt |       |       |       |       |    67 |     2 ||    69
         Orb of Destructio |       |       |       |       |    69 |    13 ||    82
         Fireball          |       |       |       |       |    65 |    13 ||    78
  Evoke: Wand              |       |       |       |     4 |     7 |       ||    11
    Use: Scroll            |     2 |     5 |     9 |    15 |    15 |     2 ||    48
         Potion            |       |       |     3 |     1 |     3 |     2 ||     9
   Stab: Distracted        |       |       |     1 |       |       |       ||     1
         Confused          |       |       |       |     2 |       |       ||     2
         Sleeping          |       |       |       |     1 |       |       ||     1
 Armour: Robe              |     2 |     6 |    23 |    62 |    64 |     8 ||   165
  Dodge: Dodged            |    18 |    41 |   185 |   447 |   459 |    49 ||  1199
         Repelled          |       |       |     4 |     2 |     1 |       ||     7
  Block: Buckler           |       |       |       |       |     8 |     8 ||    16

Table legend: (Time is in decaauts)
 A = Elapsed time spent in this place.
 B = Non-inter-level travel time spent in this place.
 C = Inter-level travel time spent in this place.
 D = Time resting spent in this place.
 E = Time spent auto-exploring this place.
 F = Levels seen in this place.
 G = Mean time per level.
                   A        B        C        D        E       F      G
               +--------+--------+--------+--------+--------+-----+--------+
         Total |  48790 |  42328 |   6462 |  19571 |  11892 |  23 | 2121.3 |
       Dungeon |  22647 |  19500 |   3147 |   7032 |   7172 |  12 | 1887.2 |
        Temple |     16 |      9 |      7 |      0 |      0 |   1 |   16.0 |
          Lair |  11331 |   9832 |   1499 |   5061 |   2288 |   4 | 2832.8 |
         Swamp |  11420 |  10013 |   1407 |   6211 |   1709 |   4 | 2855.0 |
  Orcish Mines |   3374 |   2972 |    402 |   1267 |    722 |   2 | 1687.0 |
               +--------+--------+--------+--------+--------+-----+--------+

Top non-repeatable levels by time:
     D:9: 4640 daAuts
 Swamp:3: 3857 daAuts
 Swamp:1: 3531 daAuts
  Lair:4: 3450 daAuts
  Lair:2: 3127 daAuts
     D:8: 2853 daAuts
  Lair:1: 2735 daAuts
    D:10: 2496 daAuts
 Swamp:4: 2277 daAuts
   Orc:2: 2110 daAuts
     D:6: 2018 daAuts
  Lair:3: 2017 daAuts
     D:5: 1817 daAuts
 Swamp:2: 1754 daAuts
     D:3: 1693 daAuts
